 Dungeon Crawl Stone Soup version 0.16-a0-66-gff12a3a (webtiles) character file.

73368 Chiseanne the Sorcerer (level 15, -7/72 HPs)
             Began as a Deep Elf Wizard on Aug 7, 2014.
             Was the Champion of Vehumet.
             Mangled by a white ugly thing (16 damage)
             ... on Level 12 of the Dungeon.
             The game lasted 02:22:18 (34344 turns).

Chiseanne the Sorcerer (Deep Elf Wizard)           Turns: 34344, Time: 02:22:19

HP  -7/72        AC  7     Str  4      XL: 15   Next:  3%
MP  25/42        EV  9     Int 43      God: Vehumet [******]
Gold 1563        SH  3     Dex 12      Spells: 13 memorised,  5 levels left

rFire  + + .     SeeInvis +     w - +3 rod of clouds (11/11)
rCold  . . .     Clarity  .     A - -5 leather armour of the Gardener {Int+5}
rNeg   + + .     rCorr    .     T - +0 buckler {rPois}
rPois  +         rRot     .     U - +3 hat of Sin {+Blink rF+ rN+ SInv Stlth--}
rElec  .         Spirit   .     g - +1 ratskin cloak {rPois rN+ Dex-1 Int-1}
SustAb .         Warding  .     y - +2 pair of gloves
rMut   .         Stasis   .     E - +0 pair of boots of Elyvilon {rF+ MR++ Slay+5}
Gourm  .                        r - amulet of faith
MR     +++..                    h - +5 ring of intelligence
                                l - +4 ring of intelligence

@: delayed fireball, extremely resistant to hostile enchantments, extremely
unstealthy
A: horns 1
a: Renounce Religion, Release Delayed Fireball, Evoke Blink


You were on level 12 of the Dungeon.
You worshipped Vehumet.
Vehumet was exalted by your worship.
You were not hungry.

You visited 3 branches of the dungeon, and saw 21 of its levels.

You collected 1563 gold pieces.

Inventory:

Hand weapons
 a - a +1 eveningstar of protection
Armour
 g - the +1 ratskin cloak (worn) {rPois rN+ Dex-1 Int-1}
   (You found it on level 6 of the Dungeon)

   It affects your intelligence (-1).
   It affects your dexterity (-1).
   It protects you from poison.
   It protects you from negative energy.
 y - a +2 pair of gloves (worn)
 A - the -5 leather armour of the Gardener (worn) {Int+5}
   (You found it on level 6 of the Dungeon)

   It affects your intelligence (+5).
 E - the +0 pair of boots of Elyvilon (worn) {rF+ MR++ Slay+5}
   (You acquired it on level 4 of the Lair of Beasts)

   It affects your accuracy and damage with ranged weapons and melee attacks
   (+5).
   It protects you from fire.
   It affects your resistance to hostile enchantments.
 T - a +0 buckler of poison resistance (worn)
 U - the +3 hat of Sin (worn) {+Blink rF+ rN+ SInv Stlth--}
   (You acquired it on level 8 of the Lair of Beasts)

   It protects you from fire.
   It protects you from negative energy.
   It enhances your eyesight.
   It lets you blink.
   It makes you much less stealthy.
Magical devices
 z - a wand of hasting (2)
 C - a wand of cold (3)
 G - a wand of cold (0)
 J - a wand of disintegration (8)
 P - a wand of fire (9)
 Q - a wand of lightning (5)
 R - a wand of fireball (2)
 W - a wand of disintegration (7)
Comestibles
 d - 11 royal jellies
 k - a slice of pizza
 q - 9 bread rations
 u - 5 meat rations
 D - a fruit
 S - a beef jerky
Scrolls
 f - 12 scrolls of remove curse
 m - 2 scrolls of summoning
 p - 4 scrolls of teleportation
 t - 3 scrolls of fog
 F - 2 scrolls of amnesia
 I - 13 scrolls of identify
 L - 3 scrolls of blinking
Jewellery
 e - an uncursed ring of flight
 h - a +5 ring of intelligence (right hand)
 l - a +4 ring of intelligence (left hand)
 r - an amulet of faith (around neck)
 M - an uncursed ring of sustain abilities
Potions
 c - 2 potions of invisibility
 j - 2 potions of cancellation
 n - 2 potions of heal wounds
 o - 4 potions of curing
 v - 4 potions of restore abilities
 B - a potion of agility
 N - 6 potions of haste
Books
 s - a Young Poisoner's Handbook

   Spells                             Type                      Level
   Sting                              Conjuration/Poison           1
   *Cure Poison                       Poison                       2
   *Mephitic Cloud                    Conjuration/Poison/Air       3
   Olgreb's Toxic Radiance            Poison                       4
   Venom Bolt                         Conjuration/Poison           5
Magical staves
 i - an uncursed staff of fire
Miscellaneous
 H - a fan of gales
Rods
 w - a +3 rod of clouds (11/11) (weapon)
   (You acquired it on level 6 of the Dungeon)


   Skills:
 - Level 2.4 Dodging
 - Level 2.4 Stealth
 - Level 21.2 Spellcasting
 - Level 16.6 Conjurations
   Level 1.1 Summonings
 - Level 1.1 Translocations
 + Level 9.6 Air Magic
 - Level 10.0 Evocations


You had 5 spell levels left.
You knew the following spells:

 Your Spells              Type           Power        Failure   Level  Hunger
a - Lightning Bolt        Conj/Air       ########..   1%          5    None
b - Stone Arrow           Conj/Erth      ######       1%          3    None
c - Bolt of Fire          Conj/Fire      #######...   2%          6    None
d - Freezing Cloud        Conj/Ice/Air   #######...   1%          6    None
e - Force Lance           Conj           ########     1%          5    None
f - Blink                 Tloc           N/A          1%          2    None
g - Conjure Flame         Conj/Fire      #######.     1%          3    None
h - Repel Missiles        Chrm/Air       ######       1%          2    None
i - Poisonous Cloud       Conj/Pois/Air  #######...   1%          6    None
j - Mephitic Cloud        Conj/Pois/Air  #######.     1%          3    None
k - Magic Dart            Conj           ####         0%          1    None
l - Delayed Fireball      Conj/Fire      N/A          10%         7    None
m - Cure Poison           Pois           #####.....   1%          2    None


Dungeon Overview and Level Annotations

Branches:
Dungeon (12/15)            Temple (1/1) D:7            Lair (8/8) D:9
  Swamp (0/5) Lair:4        Snake (0/5) Lair:6        Slime (0/6) Lair:6
    Orc: D:9-12

Altars:
Ashenzari
Cheibriados
Dithmenos
Elyvilon
Fedhas
Gozag
Kikubaaqudgha
Makhleb
Nemelex Xobeh
Okawaru
Qazlal
Sif Muna
Trog
Vehumet
Xom
Yredelemnul
Zin
The Shining One

Annotations:
D:6 Prince Ribbit


Innate Abilities, Weirdness & Mutations

You have a pair of small horns on your head.


Message History

The white ugly thing is almost dead.
The white ugly thing punches you! The white ugly thing freezes you!
Casting: Stone Arrow
Confirm with . or Enter, or press ? or * to list all spells.
Aiming: Stone Arrow
Press: ? - help, Shift-Dir - straight line, f/p - white ugly thing
Aim: a white ugly thing (almost dead)
The stone arrow misses the white ugly thing.
The white ugly thing punches you. The white ugly thing freezes you!
* * * LOW HITPOINT WARNING * * *
Casting: Stone Arrow
Confirm with . or Enter, or press ? or * to list all spells.
Aiming: Stone Arrow
Press: ? - help, Shift-Dir - straight line, f/p - white ugly thing
Aim: a white ugly thing (almost dead)
The stone arrow misses the white ugly thing.
The white ugly thing punches you!
* * * LOW HITPOINT WARNING * * *
The white ugly thing freezes you!
You die...

## .. ...... #
#. #....#
#.##.....# ..
#.......# ...
#......##
.....#.......#
.............#.#
..............#
.#####..@.....#
#.u.....##
#.......#
#....#...#
#..####.#.. ..#
.# #.# . ..


You could see a white ugly thing.

Vanquished Creatures
  Maud (Lair:4)
  The ghost of FiftyNine the Basher, a powerful OgAM of Gozag (Lair:6)
  Snorg (Lair:7)
  The ghost of haldagan the Nimble, a powerful DECj of Dithmenos (Lair:6)
  11 hydras
  11 death yaks
  The ghost of Poody the Grappler, an experienced TrFi of Trog (Lair:1)
  The ghost of haldagan the Conjurer, a powerful TeCj of Dithmenos (Lair:1)
  3 skeletal warriors (D:12)
  A fire crab (Lair:7)
  A red wasp (Lair:8)
  2 wolf spiders (Lair:8)
  An oklob plant (Lair:1)
  4 griffons
  7 black mambas
  A guardian serpent (Lair:8)
  21 elephants
  A torpor snail (Lair:7)
  9 komodo dragons
  A centaur skeleton (D:10)
  22 spiny frogs
  A queen bee (Lair:3)
  3 polar bears
  2 trolls
  12 blink frogs
  2 deep elf magi
  A wraith (D:11)
  4 basilisks
  45 yaks
  5 wyverns
  8 wolves
  3 steam dragons
  Eustachio (D:6)
  2 hungry ghosts
  A hill giant skeleton (D:10)
  2 wargs (D:9)
  9 hippogriffs
  24 water moccasins
  6 nagas (Lair:6)
  An ice beast (D:11)
  7 porcupines
  4 yellow wasps
  A sky beast (D:9)
  3 spiders (Lair:8)
  2 orc warriors
  2 phantoms
  2 black bears
  4 necrophages (Lair:5)
  3 ogres
  7 centaurs
  Sigmund (D:5)
  14 big kobolds
  20 crocodiles
  5 jellies
  16 giant frogs
  2 gnoll sergeants
  A scorpion (D:10)
  11 wights
  19 killer bees (Lair:3)
  An eye of draining (D:10)
  2 goliath beetles (D:6)
  3 electric eels
  7 crimson imps
  10 hounds
  2 giant frog skeletons
  A gnoll shaman (D:4)
  4 orc priests
  A quasit (D:9)
  4 orange rats (Lair:2)
  10 orc wizards
  16 worker ants
  8 iguanas
  18 sheep
  A big kobold zombie (D:6)
  A crocodile skeleton (D:10)
  24 gnolls
  49 green rats
  An orc zombie (D:10)
  26 adders
  6 shadow imps
  11 giant mites
  An orc skeleton (D:4)
  7 oozes
  32 orcs
  8 giant cockroaches
  22 hobgoblins
  85 kobolds
  8 quokkas
  3 ball pythons
  10 bats
  4 giant geckos
  5 giant newts
  3 giant spores
  14 goblins
  A goblin skeleton (D:5)
  A hobgoblin skeleton (D:5)
  A hobgoblin zombie (D:6)
  10 jackals
  18 rats
  12 ballistomycetes
  2 bushes
  4 butterflies
  15 fungi
  17 plants
847 creatures vanquished.

Vanquished Creatures (others)
  A water moccasin (Lair:6)
  A giant frog (D:10)
  A hobgoblin (D:10)
  A kobold (D:4)
  A giant spore (D:10)
  A ballistomycete (D:10)
  A butterfly (Lair:6)
  56 fungi
  33 plants
96 creatures vanquished.

Grand Total: 943 creatures vanquished

Notes
Turn   | Place    | Note
--------------------------------------------------------------
     0 | D:1      | Chiseanne, the Deep Elf Wizard, began the quest for the Orb.
     0 | D:1      | Reached XP level 1. HP: 10/10 MP: 6/6
   465 | D:1      | Reached XP level 2. HP: 15/15 MP: 0/10
   549 | D:1      | Reached skill level 5 in Spellcasting
  1059 | D:2      | Reached XP level 3. HP: 17/19 MP: 7/14
  1112 | D:2      | Learned a level 3 spell: Conjure Flame
  1116 | D:2      | Learned a level 3 spell: Mephitic Cloud
  1119 | D:2      | Learned a level 2 spell: Blink
  1122 | D:2      | Learned a level 2 spell: Repel Missiles
  1185 | D:2      | Found a deep blue altar of Sif Muna.
  1637 | D:2      | Found a white marble altar of Elyvilon.
  1930 | D:2      | Reached skill level 6 in Spellcasting
  2031 | D:2      | Found a bloodstained altar of Trog.
  2037 | D:2      | Reached XP level 4. HP: 22/24 MP: 0/18
  2809 | D:2      | Reached XP level 5. HP: 22/28 MP: 11/21
  3013 | D:3      | Reached skill level 7 in Spellcasting
  3453 | D:4      | Gained mutation: You have a pair of small horns on your head. [potion of beneficial mutation]
  3907 | D:4      | Reached XP level 6. HP: 26/32 MP: 17/23
  3974 | D:4      | Found a stormy altar of Qazlal.
  4119 | D:4      | Reached skill level 8 in Spellcasting
  4723 | D:4      | Reached skill level 5 in Conjurations
  4836 | D:4      | Reached XP level 7. HP: 36/36 MP: 21/26
  4945 | D:4      | Reached skill level 9 in Spellcasting
  5705 | D:5      | Entered Level 5 of the Dungeon
  5708 | D:5      | Found a blossoming altar of Fedhas.
  5722 | D:5      | Noticed Sigmund
  5733 | D:5      | Killed Sigmund
  5733 | D:5      | Reached skill level 10 in Spellcasting
  5733 | D:5      | Reached XP level 8. HP: 37/41 MP: 13/29
  5875 | D:5      | Found a shadowy altar of Dithmenos.
  6872 | D:6      | Found a radiant altar of Vehumet.
  6906 | D:6      | Became a worshipper of Vehumet
  7055 | D:6      | Reached skill level 11 in Spellcasting
  7312 | D:6      | Found a bloodstained altar of Trog.
  7312 | D:6      | Found a shattered altar of Ashenzari.
  8104 | D:6      | Found a blossoming altar of Fedhas.
  8170 | D:6      | Reached skill level 12 in Spellcasting
  8170 | D:6      | Reached XP level 9. HP: 35/45 MP: 7/32
  8291 | D:6      | Noticed Prince Ribbit
  8579 | D:6      | Noticed Eustachio
  8594 | D:6      | Killed Eustachio
  8703 | D:6      | Acquired Vehumet's first power
  8703 | D:6      | Offered knowledge of Sandblast by Vehumet.
  9014 | D:6      | Identified a scroll of acquirement
  9016 | D:6      | Identified a +3 rod of clouds (11/11) (You acquired it on level 6 of the Dungeon)
  9028 | D:6      | Got a pitted leather armour
  9174 | D:6      | Identified the cursed -5 leather armour of the Gardener {Int+5} (You found it on level 6 of the Dungeon)
  9489 | D:7      | Found a staircase to the Ecumenical Temple.
  9497 | Temple   | Entered the Ecumenical Temple
 10000 | D:7      | Reached skill level 1 in Evocations
 10002 | D:7      | Offered knowledge of Shock by Vehumet.
 10014 | D:7      | Reached skill level 13 in Spellcasting
 10140 | D:7      | Learned a level 1 spell: Shock
 10533 | D:8      | Identified the Incunabulum of Cloudy Conjuration
 10551 | D:8      | Learned a level 5 spell: Lightning Bolt
 10793 | D:8      | Got a bronze leather armour
 10805 | D:8      | Identified the -4 leather armour "Zaimets" {Str+1 Int+2} (You acquired it on level 8 of the Dungeon)
 11261 | D:8      | Found a glowing golden altar of the Shining One.
 11368 | D:8      | Offered knowledge of Stone Arrow by Vehumet.
 11373 | D:8      | Learned a level 3 spell: Stone Arrow
 11469 | D:9      | Reached skill level 10 in Conjurations
 11479 | D:9      | Acquired Vehumet's second power
 11671 | D:9      | Reached XP level 10. HP: 50/50 MP: 25/34
 11675 | D:9      | Reached skill level 14 in Spellcasting
 11675 | D:9      | Reached skill level 1 in Air Magic
 11866 | D:9      | Found a shimmering altar of Xom.
 11866 | D:9      | Found a shimmering altar of Xom.
 11867 | D:9      | Found a shimmering altar of Xom.
 11867 | D:9      | Found a shimmering altar of Xom.
 11867 | D:9      | Found a shimmering altar of Xom.
 11867 | D:9      | Noticed a black mamba
 11867 | D:9      | Noticed a salamander
 11867 | D:9      | a queen bee changed into a salamander
 11875 | D:9      | Found a shimmering altar of Xom.
 11882 | D:9      | a black mamba changed into a raiju
 11887 | D:9      | Offered knowledge of Static Discharge by Vehumet.
 12168 | D:9      | Noticed a deep troll
 12210 | D:9      | Noticed an elephant
 12525 | D:9      | Acquired Vehumet's third power
 12794 | D:9      | Found a staircase to the Lair.
 12823 | D:9      | Offered knowledge of Olgreb's Toxic Radiance by Vehumet.
 12923 | D:9      | Reached skill level 15 in Spellcasting
 13138 | Lair:1   | Entered Level 1 of the Lair of Beasts
 13153 | Lair:1   | Noticed Poody's ghost (experienced TrFi)
 13158 | Lair:1   | Killed Poody's ghost
 13753 | Lair:1   | Noticed haldagan's ghost (powerful TeCj)
 13761 | Lair:1   | Killed haldagan's ghost
 13761 | Lair:1   | Reached XP level 11. HP: 36/54 MP: 5/36
 13959 | Lair:1   | Noticed a seven-headed hydra
 13969 | Lair:1   | Killed a seven-headed hydra
 14098 | Lair:1   | Learned a level 5 spell: Force Lance
 14447 | Lair:1   | Reached skill level 16 in Spellcasting
 14586 | Lair:1   | Noticed an oklob plant
 14589 | Lair:1   | Killed an oklob plant
 15819 | Lair:2   | Reached skill level 5 in Evocations
 16106 | Lair:2   | Offered knowledge of Poisonous Cloud by Vehumet.
 16114 | Lair:2   | Learned a level 6 spell: Poisonous Cloud
 17363 | Lair:3   | Reached skill level 17 in Spellcasting
 17676 | Lair:3   | Reached XP level 12. HP: 27/59 MP: 1/38
 18290 | Lair:3   | Offered knowledge of Conjure Ball Lightning by Vehumet.
 19731 | Lair:4   | Noticed Maud
 19740 | Lair:4   | Killed Maud
 19854 | Lair:4   | Reached skill level 18 in Spellcasting
 20014 | Lair:4   | Noticed a four-headed hydra
 20020 | Lair:4   | Killed a four-headed hydra
 20193 | Lair:4   | Found a staircase to the Swamp.
 20273 | Lair:4   | Got a pair of twisted boots
 20285 | Lair:4   | Identified the +0 pair of boots of Elyvilon {rF+ MR++ Slay+5} (You acquired it on level 4 of the Lair of Beasts)
 21470 | Lair:5   | Noticed a five-headed hydra
 21987 | Lair:5   | Killed a five-headed hydra
 22111 | Lair:5   | Reached skill level 5 in Air Magic
 22169 | Lair:5   | Noticed a seven-headed hydra
 22189 | Lair:5   | Killed a seven-headed hydra
 22597 | Lair:6   | Noticed FiftyNine's ghost (powerful OgAM)
 22629 | Lair:6   | Found a staircase to the Slime Pits.
 22774 | Lair:6   | Noticed an eight-headed hydra
 22782 | Lair:6   | Killed an eight-headed hydra
 22783 | Lair:6   | Reached XP level 13. HP: 40/63 MP: 19/39
 23050 | Lair:6   | Got a slimy hat
 23062 | Lair:6   | Identified the +2 hat of Eternal Night {rPois} (You acquired it on level 6 of the Lair of Beasts)
 23659 | Lair:6   | Noticed haldagan's ghost (powerful DECj)
 23674 | Lair:6   | Killed haldagan's ghost
 23674 | Lair:6   | Reached skill level 19 in Spellcasting
 23768 | Lair:6   | Found a staircase to the Snake Pit.
 24072 | Lair:6   | Killed FiftyNine's ghost
 24806 | Lair:7   | Noticed Snorg
 24826 | Lair:7   | Killed Snorg
 25052 | Lair:7   | Reached skill level 15 in Conjurations
 26386 | Lair:7   | Learned a level 6 spell: Freezing Cloud
 26564 | Lair:7   | Offered knowledge of Bolt of Fire by Vehumet.
 26572 | Lair:7   | Learned a level 6 spell: Bolt of Fire
 26720 | Lair:7   | Reached skill level 20 in Spellcasting
 27105 | Lair:8   | Entered Level 8 of the Lair of Beasts
 27239 | Lair:8   | Found a glowing golden altar of the Shining One.
 27401 | Lair:8   | Reached XP level 14. HP: 43/68 MP: 10/41
 28075 | Lair:8   | Offered knowledge of Bolt of Magma by Vehumet.
 28783 | Lair:8   | Got a polished hat
 28795 | Lair:8   | Identified the +3 hat of Sin {+Blink rF+ rN+ SInv Stlth--} (You acquired it on level 8 of the Lair of Beasts)
 29291 | Lair:8   | Reached skill level 21 in Spellcasting
 29300 | Lair:8   | Offered knowledge of Poison Arrow by Vehumet.
 31172 | D:9      | Reached skill level 10 in Evocations
 31333 | D:10     | Entered Level 10 of the Dungeon
 31918 | D:10     | Offered knowledge of Delayed Fireball by Vehumet.
 31927 | D:10     | Learned a level 7 spell: Delayed Fireball
 33412 | D:11     | Learned a level 2 spell: Cure Poison
 33864 | D:12     | Reached XP level 15. HP: 42/72 MP: 17/42
 34344 | D:12     | Mangled by a white ugly thing

Action                   |  1- 3 |  4- 6 |  7- 9 | 10-12 | 13-15 || total
-------------------------+-------+-------+-------+-------+-------++-------
Melee: Short sword       |     6 |       |       |       |       ||     6
       Spear             |       |    31 |    12 |       |       ||    43
       Dagger            |       |    10 |    16 |       |       ||    26
       Eveningstar       |       |       |       |    77 |     4 ||    81
       Rod               |       |       |       |     1 |    43 ||    44
 Cast: Magic Dart        |    94 |   191 |   565 |   164 |    46 ||  1060
       Conjure Flame     |     3 |     5 |    23 |     8 |     4 ||    43
       Mephitic Cloud    |     1 |     9 |    27 |     5 |     2 ||    44
       Repel Missiles    |     1 |       |     1 |     1 |       ||     3
       Blink             |       |     3 |     1 |     4 |    12 ||    20
       Stone Arrow       |       |       |    11 |   401 |   216 ||   628
       Shock             |       |       |     8 |       |       ||     8
       Lightning Bolt    |       |       |     1 |    15 |   131 ||   147
       Poisonous Cloud   |       |       |       |    29 |   101 ||   130
       Freezing Cloud    |       |       |       |       |    50 ||    50
       Delayed Fireball  |       |       |       |       |     1 ||     1
Evoke: Wand              |       |       |     9 |     6 |    12 ||    27
       Rod               |       |       |     1 |     5 |    28 ||    34
  Use: Scroll            |       |    17 |    11 |    12 |    11 ||    51
       Potion            |       |     3 |     1 |       |     4 ||     8
 Stab: Sleeping          |     1 |       |       |       |       ||     1
       Confused          |       |     1 |       |       |       ||     1
  Eat: Chunk             |     2 |     8 |    13 |    32 |    42 ||    97
       Fruit             |       |     2 |       |     3 |     6 ||    11
       Bread ration      |       |       |     2 |       |       ||     2
       Pizza             |       |       |       |     1 |       ||     1
       Beef jerky        |       |       |       |     1 |       ||     1
